 Dungeon Crawl Stone Soup version 0.31-a0-187-gba352fbbf7 (webtiles) character file.

Game seed: 5119555928018168224

147 qw the Skirmisher (level 5, 0/29 HPs)
             Began as a Deep Elf Hunter on June 22, 2023.
             Slain by an orc
             ... wielding a +0 whip
              (4 damage)
             ... on level 3 of the Dungeon.
             The game lasted 00:00:37 (1971 turns).

qw the Skirmisher (Deep Elf Hunter)                 Turns: 1971, Time: 00:00:38

Health: 0/29       AC:  5    Str: 10    XL:     5   Next: 8%
Magic:  7/7        EV: 11    Int: 14    God:
Gold:   99         SH:  0    Dex: 18    Spells: 4/4 levels left

rFire   . . .        Y - +0 shortbow
rCold   . . .        (shield currently unavailable)
rNeg    . . .        e - +0 ring mail
rPois   .            (no helmet)
rElec   .            (no cloak)
rCorr   .            (no gloves)
SInv    .            (no boots)
Will    .....        (no amulet)
Stlth   +            (no ring)
HPRegen 0.24/turn    (no ring)
MPRegen 0.10/turn

%: no passive effects
@: no status effects
A: no striking features
a: no special abilities


You were on level 3 of the Dungeon.
You visited 1 branch of the dungeon, and saw 3 of its levels.

You collected 211 gold pieces.
You spent 112 gold pieces at shops.


   Skills:
 - Level 1.5 Fighting
 + Level 8.5 Ranged Weapons
 - Level 2.4 Dodging
 - Level 1.2 Stealth


You had 4 spell levels left.
You didn't know any spells.
Your spell library was empty.

Inventory:

Hand Weapons
 Y - a +0 shortbow (weapon)
Armour
 e - a +0 ring mail (worn)
Jewellery
 f - a ring of protection from cold
Scrolls
 a - a scroll of immolation {unknown}
 b - a scroll of identify
Potions
 c - a potion of enlightenment
 d - a potion of mutation {unknown}
 g - 2 potions of curing

Dungeon Overview and Level Annotations

Branches:
Dungeon (3/15)

Altars:

Shops:
D:2 !


Message History

The orc hits you with a +0 hand axe. The orc hits you with a +0 short sword.
The orc hits you from afar with a +0 trident.
You shoot an arrow. The arrow hits the orc.
The orc is heavily wounded.
The orc closely misses you. The orc barely misses you.
A dart slug comes into view.
You shoot an arrow. The arrow hits the orc.
The orc is severely wounded.
The orc barely misses you. x2; The orc misses you.
You shoot an arrow. The arrow hits the orc.
The orc is almost dead.
The orc hits you with a +0 hand axe. The orc barely misses you.
The orc misses you. The orc barely misses you.
You shoot an arrow. The arrow hits the orc.
You kill the orc!
The orc barely misses you. The orc closely misses you. x2
The orc hits you with a +0 whip.
You shoot an arrow. The arrow hits the orc!
The orc is almost dead.
The orc hits you from afar with a +0 trident.
A kobold comes into view. It is wielding a +0 short sword.
The orc completely misses you. The orc closely misses you.
The orc hits you with a +0 whip.
You shoot an arrow. The kobold shouts!
The arrow hits the orc.
You kill the orc!
The orc barely misses you. The orc closely misses you.
The orc barely misses you.
You shoot an arrow.
The arrow hits the orc but does no damage.
The orc misses you.
The orc hits you from afar with a +0 trident.
The orc hits you with a +0 dagger. The orc closely misses you.
The orc barely misses you.
You shoot an arrow. The arrow hits the orc.
The orc is almost dead.
The orc hits you from afar with a +0 trident.
The orc hits you but does no damage. The orc hits you with a +0 whip.
You die...

.......#######...#####
####.....# #...# ##
#.#.#.# #.#.# .#
#...#.# #...# .#
#.###.# ##...###
.###.....# #......#
.....##### #....#.#
..#### ##.#.##.#####
.## #...o@o...... .#
#..##.).##### ## .....
.ow..# ###. K.....#
#......#.# #..#...#.#
#..#.#.# # #. #. .#


You could see a dart slug, 3 orcs and a kobold.

Vanquished Creatures
  Natasha (thrice) (D:2)
  2 adders (D:2)
  A worm (D:2)
  2 dart slugs (D:2)
  2 orcs (D:3)
  4 endoplasms (D:1)
  2 giant cockroaches
  6 goblins
  3 hobgoblins
  3 jackals (D:2)
  3 quokkas
  4 ball pythons
  3 bats
  3 frilled lizards
  3 kobolds
  2 rats
46 creatures vanquished.

Notes
Turn   | Place    | Note
-------+----------+-------------------------------------------
     0 | D:1      | qw the Deep Elf Hunter began the quest for the Orb.
     0 | D:1      | Reached XP level 1. HP: 12/12 MP: 3/3
     0 | D:1      | 0 ||| qw: Version: 0.3-a-9-g12657ce
     0 | D:1      | 0 ||| qw: Game counter: 2088
     0 | D:1      | 0 ||| qw: Always use a shield: true
     0 | D:1      | 0 ||| qw: God list: Okawaru
     0 | D:1      | 0 ||| qw: Allow faded altars: false
     0 | D:1      | 0 ||| qw: Do Orc after D:15 true
     0 | D:1      | 0 ||| qw: Do second Lair branch before Depths: true
     0 | D:1      | 0 ||| qw: Lair rune preference: random
     0 | D:1      | 0 ||| qw: Plans: Normal
     0 | D:1      | 0 ||| PLANNING D:1-11
   236 | D:1      | Reached skill level 6 in Ranged Weapons
   236 | D:1      | Reached XP level 2. HP: 16/16 MP: 4/4
   778 | D:1      | 778 ||| UPGRADING to +0 ring mail.
   788 | D:1      | 788 ||| DROPPING +0 leather armour.
   789 | D:1      | 789 ||| READING scroll labelled RYIVILIOLO.
   790 | D:1      | 790 ||| READING scroll labelled MOGE SIVVOGAA.
   791 | D:1      | 791 ||| DROPPING scroll of butterflies.
   921 | D:2      | Reached XP level 3. HP: 12/20 MP: 5/5
  1075 | D:2      | Reached skill level 7 in Ranged Weapons
  1343 | D:2      | Found Haocinlu's Distillery.
  1348 | D:2      | 1348 ||| SHOPLISTING 2 potions of enlightenment (140 gold,
                  | have 128).
  1348 | D:2      | 1348 ||| SHOPLISTING 2 potions of heal wounds (140 gold,
                  | have 128).
  1348 | D:2      | 1348 ||| BUYING potion of curing (42 gold).
  1348 | D:2      | Bought a potion of curing for 42 gold pieces
  1348 | D:2      | 1348 ||| BUYING potion of enlightenment (70 gold).
  1348 | D:2      | Bought a potion of enlightenment for 70 gold pieces
  1348 | D:2      | 1348 ||| SHOPLISTING potion of heal wounds (70 gold, have
                  | 16).
  1348 | D:2      | 1348 ||| SHOPLISTING potion of might (56 gold, have 16).
  1348 | D:2      | 1348 ||| SHOPLISTING potion of mutation (112 gold, have
                  | 16).
  1355 | D:2      | Noticed Natasha
  1363 | D:2      | Killed Natasha
  1364 | D:2      | Reached XP level 4. HP: 19/25 MP: 6/6
  1391 | D:2      | Noticed Natasha
  1394 | D:2      | Killed Natasha
  1395 | D:2      | Reached skill level 8 in Ranged Weapons
  1522 | D:2      | Noticed Natasha
  1525 | D:2      | Killed Natasha
  1526 | D:2      | Reached XP level 5. HP: 29/29 MP: 7/7
  1780 | D:2      | 1780 ||| READING scroll labelled TIFEOC HIUNO.
  1880 | D:3      | Found a faded altar of an unknown god.
  1970 | D:3      | HP: 7/29 [orc/+0 dagger (3)]
  1971 | D:3      | Slain by an orc

Levels and vault maps discovered:
D:1:      saegor_arrival_simple_e, layout_basic, kennysheep_flooded_box,
          nicolae_concentric_dashed_squares_wild, feat_on_display
D:2:      layout_loops_ring, serial_shops, shop, patterned_corridor,
          uniq_natasha
D:3:      layout_loops_cross, nicolae_uskayaw_dance_hall, serial_shops,
          nicolae_shop_tiny_waterfront,
          shapermc_ecumenical_altar_mp_ritualfount, corexii_corridor_pit

Skill      XL: |  1  2  3  4 |
---------------+-------------+-----
Ranged Weapons | 6 7 8 |  8.5
Fighting       | |  1.5
Dodging        | |  2.4
Stealth        | |  1.2

Action                     |  1- 3 |  4- 6 || total
---------------------------+-------+-------++-------
   Fire: Shortbow          |   123 |    29 ||   152
    Use: Scroll            |     2 |     1 ||     3
 Armour: Ring mail         |     9 |     3 ||    12
  Dodge: Dodged            |    25 |    24 ||    49

Table legend:
 A = Non-vault XP
 B = Vault XP
 C = Vault XP percentage of total XP
 D = Non-vault monster count
 E = Vault monster count
 F = Vault count percentage of total count
                 A         B        C        D         E       F
            +---------+---------+-------+---------+---------+-------
      Total |     174 |      37 |  17.5 |      45 |       1 |   2.2
            +---------+---------+-------+---------+---------+-------
        D:1 |      31 |       0 |   0.0 |      19 |       0 |   0.0
        D:2 |     132 |      37 |  21.9 |      21 |       1 |   4.5
        D:3 |      11 |       0 |   0.0 |       5 |       0 |   0.0
            +---------+---------+-------+---------+---------+-------
